 Dungeon Crawl Stone Soup version 0.31-a0-692-gf03d1854d5 (webtiles) character file.

Game seed: 2214658822097715688

567 qw the Shooter (level 7, -5/34 HPs)
             Began as a Gargoyle Hunter on Sept 6, 2023.
             Slain by a yak (7 damage)
             ... on level 5 of the Dungeon.
             The game lasted 00:01:08 (2642 turns).

qw the Shooter (Gargoyle Hunter)                    Turns: 2642, Time: 00:01:08

Health: -5/34      AC: 12    Str: 14    XL:     7   Next: 33%
Magic:  7/7        EV: 11    Int:  8    God:
Gold:   302        SH:  0    Dex: 19    Spells: 6/6 levels left

rFire   + . .        Y - +4 shortbow
rCold   . . .        (shield currently unavailable)
rNeg    + . .        e - +0 ring mail
rPois   inf          (helmet restricted)
rElec   +            (no cloak)
rCorr   .            c - +0 pair of gloves
SInv    .            a - +0 pair of boots
Will    .....        (no amulet)
Stlth   +            g - +4 ring of slaying {mikee}
HPRegen 0.25/turn    j - ring of protection from fire
MPRegen 0.10/turn

%: no passive effects
@: about to teleport
A: sickness immunity, AC +4, negative energy resistance 1, electricity
resistance, torment resistance 1, petrification resistance, horns 1, agile 1,
frail 2, screaming 1
a: no special abilities


You were on level 5 of the Dungeon.
You visited 1 branch of the dungeon, and saw 5 of its levels.

You collected 302 gold pieces.


Innate Abilities, Weirdness & Mutations

You are immune to sickness and miasma.
Your stone body is resilient. (AC +4)
You are immune to poison.
You resist negative energy. (rN+)
You are resistant to electric shocks. (rElec)
You are resistant to unholy torment.
You are immune to petrification.
You have a pair of small horns on your head.
You are agile. (Dex +4, Str/Int -1)
You are very frail. (-20% HP)
You occasionally shout uncontrollably at your foes.


   Skills:
 - Level 4.1 Fighting
 + Level 7.3 Ranged Weapons
 - Level 2.0 Armour
 - Level 2.4 Dodging
 - Level 1.1 Stealth


You had 6 spell levels left.
You didn't know any spells.
Your spell library was empty.

Inventory:

Hand Weapons
 Y - a +4 shortbow (weapon)
Armour
 a - a +0 pair of boots (worn)
 c - a +0 pair of gloves (worn)
 e - a +0 ring mail (worn)
Jewellery
 g - a +4 ring of slaying (left hand) {mikee}
 j - a ring of protection from fire (right hand)
Scrolls
 b - a scroll of identify
 f - 2 scrolls of teleportation
 m - 2 scrolls of revelation {unknown}
 n - a scroll of fog {unknown}
Potions
 d - a potion of enlightenment
 h - a potion of resistance
 i - a potion of haste {unknown}
 k - a potion of might {unknown}
 l - a potion of invisibility {unknown}

Dungeon Overview and Level Annotations

Branches:
Dungeon (5/15)
 Temple: D:4-7

Altars:
Fedhas
Kikubaaqudgha
Wu Jian
Xom
The Shining One

Annotations:
D:3 3 runed translucent doors, Crazy Yiuf; qw's ghost, amateur GrHu


Message History

The adder bites you but does no damage.
You shoot an arrow. The arrow barely misses the scorpion.
The scorpion barely misses you. The adder bites you but does no damage.
The scorpion stings you. The adder completely misses you.
You shoot an arrow. The arrow hits the scorpion!
The scorpion is almost dead.
The scorpion stings you. The adder bites you but does no damage.
Something unseen opens the door.
You shoot an arrow. The arrow hits the scorpion!
You kill the scorpion!
The adder bites you but does no damage.
A phantom comes into view.
The adder closely misses you.
Your Dodging skill increases to level 2!
You shoot an arrow. The arrow hits the adder!
The adder is severely wounded.
The adder bites you.
You shoot an arrow. The arrow hits the adder.
You kill the adder!
The yak closely misses you.
An orc comes into view.
It is wielding a +2 short sword of holy wrath.
You shoot an arrow. The arrow hits the yak!
The yak is moderately wounded.
The yak gores you.
You shoot an arrow. The arrow hits the yak!
The yak is heavily wounded.
The yak closely misses you. The phantom hits you.
You shoot an arrow. The arrow barely misses the yak.
The yak gores you!
The phantom hits you but does no damage.
2641 ||| READING 3 scrolls of teleportation.
As you read the scroll of teleportation, it crumbles to dust.
You feel strangely unstable. The yak closely misses you.
The phantom hits you but does no damage.
You shoot an arrow. The arrow hits the yak!
The yak is severely wounded.
The yak barely misses you. The phantom barely misses you. x2
The yak gores you!
You die...

#. #. #. #. #. #.
######.
#####'######..)...
#@W...............
#%Y...............
..###o................
...S...................
.S.....................
.#.....................
#......................
)...............>......
#..###........#+##+####


You could see a yak, a phantom and an orc.

Vanquished Creatures
  A black bear (D:5)
  A scorpion (D:5)
  An orc priest (D:3)
  A hound (D:5)
  An iguana (D:3)
  Natasha (thrice) (D:3)
  An orc wizard (D:3)
  13 adders
  2 river rats (D:4)
  A white imp (D:5)
  An ufetubus (D:4)
  3 worms
  4 dart slugs
  8 orcs
  4 endoplasms
  2 giant cockroaches
  2 hobgoblins
  4 jackals (D:2)
  2 quokkas
  8 ball pythons
  3 bats
  2 frilled lizards
  9 kobolds
  6 rats
83 creatures vanquished.

Notes
Turn   | Place    | Note
-------+----------+-------------------------------------------
     0 | D:1      | qw the Gargoyle Hunter began the quest for the Orb.
     0 | D:1      | Reached XP level 1. HP: 12/12 MP: 1/1
     0 | D:1      | 0 ||| qw: Version: 0.3-a-76-g4403597
     0 | D:1      | 0 ||| qw: Game counter: 119
     0 | D:1      | 0 ||| qw: Melee chars always use a shield: true
     0 | D:1      | 0 ||| qw: God list: Okawaru
     0 | D:1      | 0 ||| qw: Allow faded altars: false
     0 | D:1      | 0 ||| qw: Do Orc after clearing Dungeon:15 true
     0 | D:1      | 0 ||| qw: Do second Lair branch before Depths: true
     0 | D:1      | 0 ||| qw: Lair rune preference: random
     0 | D:1      | 0 ||| qw: Goals: Normal
     0 | D:1      | 0 ||| PLANNING D:1-11
   112 | D:1      | Reached XP level 2. HP: 13/17 MP: 2/2
   269 | D:1      | Found a faded altar of an unknown god.
   489 | D:1      | 489 ||| UPGRADING to +0 ring mail.
   499 | D:1      | 499 ||| DROPPING +0 leather armour.
   500 | D:1      | 500 ||| READING scroll labelled SASUBL LIEM.
   501 | D:1      | 501 ||| DROPPING scroll of butterflies.
   520 | D:2      | Reached XP level 3. HP: 21/21 MP: 3/3
   609 | D:2      | Reached skill level 1 in Armour
   632 | D:2      | Reached skill level 5 in Ranged Weapons
   959 | D:2      | 959 ||| UPGRADING to +0 pair of boots.
   964 | D:2      | 964 ||| UPGRADING to +0 pair of gloves.
   969 | D:2      | 969 ||| UPGRADING to +4 ring of slaying {mikee}.
   970 | D:2      | 970 ||| READING scroll labelled HACIOT QODE.
   971 | D:2      | 971 ||| READING 2 scrolls labelled WIFRYSUGO.
   975 | D:2      | 975 ||| READING 3 scrolls labelled GOIVIOCL ZAVOJ.
   976 | D:2      | 976 ||| READING 2 scrolls of enchant weapon.
   976 | D:2      | 976 ||| ENCHANTING +1 shortbow.
   977 | D:2      | 977 ||| READING scroll of enchant weapon.
   977 | D:2      | 977 ||| ENCHANTING +2 shortbow.
   978 | D:2      | 978 ||| DRINKING 2 cyan potions.
  1009 | D:3      | Noticed Natasha
  1012 | D:3      | Killed Natasha
  1013 | D:3      | Reached skill level 3 in Fighting
  1013 | D:3      | Reached XP level 4. HP: 28/28 MP: 4/4
  1109 | D:3      | Found an ancient bone altar of Kikubaaqudgha.
  1113 | D:3      | Reached XP level 5. HP: 32/32 MP: 5/5
  1128 | D:3      | 1128 ||| READING scroll of enchant weapon.
  1128 | D:3      | 1128 ||| ENCHANTING +3 shortbow.
  1180 | D:3      | Noticed Natasha
  1185 | D:3      | Killed Natasha
  1233 | D:3      | Noticed Natasha
  1239 | D:3      | Killed Natasha
  1240 | D:3      | Reached skill level 6 in Ranged Weapons
  1256 | D:3      | Identified the +7 whip "Tuteit" {flame, *Noise Will+ Int+4}
  1263 | D:3      | 1263 ||| DRINKING potion of curing.
  1263 | D:3      | 1263 ||| (to cure confusion)
  1265 | D:3      | Reached XP level 6. HP: 38/38 MP: 6/6
  1383 | D:3      | Found an ornate altar of the Wu Jian Council.
  1409 | D:3      | Found a shimmering altar of Xom.
  1422 | D:3      | 1422 ||| UPGRADING to ring of protection from fire.
  1423 | D:3      | 1423 ||| READING scroll labelled KYESHA YFUILUN.
  1424 | D:3      | 1424 ||| READING scroll labelled KAOVVA SYTYA.
  1425 | D:3      | 1425 ||| READING 2 scrolls of identify.
  1425 | D:3      | 1425 ||| IDENTIFYING glowing brown potion
  1524 | D:3      | Found a large runed translucent door.
  1526 | D:3      | Found a large runed translucent door.
  1528 | D:3      | Noticed qw's ghost (amateur GrHu)
  1565 | D:3      | Found a runed translucent door.
  1566 | D:3      | Noticed Crazy Yiuf
  1739 | D:4      | 1739 ||| PLANNING SEWER
  1866 | D:4      | Found a glowing golden altar of the Shining One.
  1867 | D:4      | Found a blossoming altar of Fedhas.
  2372 | D:4      | 2372 ||| RIP SEWER
  2373 | D:4      | 2373 ||| PLANNING D:1-11
  2472 | D:4      | 2472 ||| DRINKING 2 fizzy golden potions.
  2472 | D:4      | Gained mutation: You are frail. (-10% HP) [potion of
                  | mutation]
  2472 | D:4      | Gained mutation: You have large cloven feet. [potion of
                  | mutation]
  2472 | D:4      | Gained mutation: You occasionally shout uncontrollably at
                  | your foes. [potion of mutation]
  2472 | D:4      | Gained mutation: You are partially covered in iridescent
                  | scales. (AC +2) [potion of mutation]
  2473 | D:4      | 2473 ||| DRINKING potion of mutation.
  2473 | D:4      | Lost mutation: You are partially covered in iridescent
                  | scales. (AC +2) [potion of mutation]
  2473 | D:4      | Lost mutation: You have large cloven feet. [potion of
                  | mutation]
  2473 | D:4      | Gained mutation: You are very frail. (-20% HP) [potion of
                  | mutation]
  2473 | D:4      | Gained mutation: You are agile. (Dex +4, Str/Int -1)
                  | [potion of mutation]
  2473 | D:4      | Gained mutation: You have a pair of small horns on your
                  | head. [potion of mutation]
  2474 | D:4      | 2474 ||| READING 2 scrolls of identify.
  2474 | D:4      | 2474 ||| IDENTIFYING fuming red potion
  2487 | D:5      | Entered Level 5 of the Dungeon
  2523 | D:5      | Noticed a black bear
  2526 | D:5      | Killed a black bear
  2527 | D:5      | Reached skill level 7 in Ranged Weapons
  2563 | D:5      | Reached XP level 7. HP: 34/34 MP: 7/7
  2619 | D:5      | 2619 ||| Stepping ~*~*~tactically~*~*~ (retreating).
  2620 | D:5      | 2620 ||| Stepping ~*~*~tactically~*~*~ (retreating).
  2622 | D:5      | 2622 ||| Stepping ~*~*~tactically~*~*~ (retreating).
  2631 | D:5      | Noticed a yak
  2640 | D:5      | HP: 2/34 [yak (7)]
  2641 | D:5      | 2641 ||| READING 3 scrolls of teleportation.
  2642 | D:5      | Slain by a yak

Levels and vault maps discovered:
D:1:      dpeg_arrival_radiant, layout_rooms, shapermc_ecumenical_altar_venn
D:2:      layout_rooms
D:3:      layout_basic, general_overflow_altar, amcnicky_altar_gilded,
          nicolae_kikubaaqudgha_miasma_corner, ebering_ghost_disaster_area,
          uniq_natasha, uniq_crazy_yiuf_cottage
D:4:      layout_loops_ring, gammafunk_temple_overflow_statue,
          lightli_sewer_entry_pipes
D:5:      cheibrodos_fzero, layout_gridville,
          mainiacjoe_overflow_small_starburst, mainiacjoe_overflow_catwalk,
          uniq_eustachio, uniq_duvessa

Skill      XL: |  1  2  3  4  5  6  7 |
---------------+----------------------+-----
Armour         | 1 2 |  2.0
Ranged Weapons | 5 6 7 |  7.3
Fighting       | 3 4 |  4.1
Dodging        | 2 |  2.4
Stealth        | |  1.1

Action                     |  1- 3 |  4- 6 |  7- 9 || total
---------------------------+-------+-------+-------++-------
   Fire: Shortbow          |   116 |    98 |    30 ||   244
    Use: Scroll            |     6 |     5 |     1 ||    12
         Potion            |     1 |     3 |       ||     4
 Armour: Leather armour    |    19 |       |       ||    19
         Ring mail         |     8 |    25 |    34 ||    67
  Dodge: Dodged            |    25 |    17 |    26 ||    68

Table legend:
 A = Non-vault XP
 B = Vault XP
 C = Vault XP percentage of total XP
 D = Non-vault monster count
 E = Vault monster count
 F = Vault count percentage of total count
                 A         B        C        D         E       F
            +---------+---------+-------+---------+---------+-------
      Total |     555 |     255 |  31.5 |      71 |      12 |  14.5
            +---------+---------+-------+---------+---------+-------
        D:1 |      33 |       0 |   0.0 |      22 |       0 |   0.0
        D:2 |      28 |       0 |   0.0 |      14 |       0 |   0.0
        D:3 |     254 |      37 |  12.7 |      17 |       1 |   5.6
        D:4 |      68 |      45 |  39.8 |      12 |       5 |  29.4
        D:5 |     172 |     173 |  50.1 |       6 |       6 |  50.0
            +---------+---------+-------+---------+---------+-------
